 Dungeon Crawl Stone Soup version 0.31-a0-1227-g0136665373 (webtiles) character file.

Game seed: 4368067928670788666

14639 Daunt the Skirmisher (level 11, -16/87 HPs)
             Began as a Purple Draconian Hexslinger on Dec 14, 2023.
             Was an Elder of Hepliaklqana.
             Demolished by a death yak (25 damage)
             ... on level 3 of the Lair of Beasts.
             The game lasted 00:46:47 (10989 turns).

Daunt the Skirmisher (Purple Draconian Hexslinger) Turns: 10989, Time: 00:46:47

Health: -16/87     AC:  8    Str: 12    XL:     11   Next: 91%
Magic:  17/17      EV: 15    Int: 13    God:    Hepliaklqana [****..]
Gold:   542        SH:  0    Dex: 23    Spells: 10/18 levels left

rFire   + + .        E - +0 orcbow
rCold   + . .        (shield currently unavailable)
rNeg    . . .        (body armour unavailable)
rPois   .            (helmet restricted)
rElec   .            o - scarf {rC+ rF+}
rCorr   .            (no gloves)
SInv    .            p - +0 pair of boots
Will    +....        t - amulet of the acrobat
Stlth   +++          P - +6 ring of dexterity
HPRegen 0.34/turn    F - ring of protection from fire
MPRegen 0.15/turn

%: acrobat
@: lethally poisoned (-16 -> -37), hasted, very quick
A: reduced essence, breathe power, AC +7, unfitting armour, cold-blooded
a: Breathe Dispelling Energy, Renounce Religion, Recall Ancestor, Ancestor
Identity, Transference, Idealise


You were on level 3 of the Lair of Beasts.
You worshipped Hepliaklqana.
Hepliaklqana was greatly pleased with you.
You visited 3 branches of the dungeon, and saw 13 of its levels.
You also visited: Sewer.

You collected 542 gold pieces.

Inventory:

Hand Weapons
 a - a +1 sling
 E - a +0 orcbow (weapon)
Missiles
 d - 58 poisoned darts
 h - 85 stones
 y - a throwing net
 M - 5 boomerangs
Armour
 c - an orb of light
 o - a scarf of resistance (worn)
 p - a +0 pair of boots (worn)
Jewellery
 t - an amulet of the acrobat (around neck)
 u - a ring of protection from fire
 x - an amulet of reflection
 F - a ring of protection from fire (right hand)
 J - a ring of see invisible
 P - a +6 ring of dexterity (left hand)
Wands
 i - a wand of polymorph (4)
 w - a wand of flame (13)
 D - a wand of acid (14)
 L - a wand of iceblast (13)
Scrolls
 b - 2 scrolls of poison
 f - 5 scrolls of teleportation
 g - 3 scrolls of fear
 l - 2 scrolls of vulnerability
 n - 2 scrolls of enchant armour {unknown}
 s - 3 scrolls of blinking {unknown}
 v - 2 scrolls of amnesia {unknown}
 A - a scroll of fog {unknown}
 B - 4 scrolls of enchant weapon {unknown}
 H - a scroll of silence {unknown}
 N - 4 scrolls of revelation {unknown}
 O - a scroll of immolation {unknown}
Potions
 e - 3 potions of curing
 k - a potion of invisibility {unknown}
 m - 5 potions of attraction {unknown}
 q - 2 potions of haste
 r - a potion of might {unknown}
 z - a potion of resistance {unknown}
 C - 2 potions of enlightenment {unknown}
 G - a potion of berserk rage {unknown}
 I - a potion of cancellation {unknown}
 K - a potion of mutation {unknown}


   Skills:
 + Level 9.6 Fighting
 * Level 13.5 Ranged Weapons
 - Level 4.0 Dodging
 + Level 2.6 Stealth
 - Level 4.0 Spellcasting
 - Level 6.0 Hexes
 - Level 4.0 Fire Magic
 + Level 2.5 Invocations
 - Level 3.0 Evocations


You had 10 spell levels left.
You knew the following spells:

 Your Spells              Type           Power      Damage    Failure   Level
a - Jinxbite              Hex            36%        N/A       2%          2
i - Inner Flame           Hex/Fire       15%        N/A       8%          3
s - Sigil of Binding      Hex            18%        N/A       5%          3

Your spell library contained the following spells:

 Spells                   Type           Power      Damage    Failure   Level
 Confusing Touch          Hex            18%        N/A       5%          3
 Cause Fear               Hex            9%         N/A       17%         4
 Kiss of Death            Conj/Necr      8%         2d6       21%         1
 Magic Dart               Conj           8%         1d3       21%         1
 Call Imp                 Summ           4%         N/A       30%         2
 Mephitic Cloud           Conj/Pois/Air  2%         N/A       52%         3
 Dimensional Bullseye     Hex/Tloc       5%         N/A       52%         4
 Brom's Barrelling Bould  Conj/Erth      2%         2d3       90%         4
 Dispel Undead            Necr           2%         3d7       90%         4
 Vhi's Electric Charge    Tloc/Air       4%         N/A       90%         4
 Fireball                 Conj/Fire      3%         3d4       94%         5
 Arcjolt                  Conj/Air       1%         1d11      99%         5
 Iskenderun's Battlesphe  Conj           2%         2d6       99%         5
 Conjure Ball Lightning   Conj/Air       1%         3x3d6     100%        6
 Orb of Destruction       Conj           1%         9d5       100%        7
 Discord                  Hex            9%         N/A       100%        8
 Disjunction              Tloc           1%         N/A       100%        8
 Maxwell's Capacitive Co  Air            1%         ∞         100%        8


Dungeon Overview and Level Annotations

Branches:
Dungeon (9/15) Zot: 26110  Temple (1/1) D:5 Zot: 5965    Lair (3/5) D:9 Zot: 15687
 Shoals (0/4) Lair:3        Snake (0/4) Lair:2        Sewer (visited)
    Orc: D:9-12

Altars:
Ashenzari
Cheibriados
Dithmenos
Elyvilon
Fedhas
Gozag
Hepliaklqana
Kikubaaqudgha
Makhleb
Nemelex Xobeh
Okawaru
Qazlal
Ru
Sif Muna
Trog
Uskayaw
Vehumet
Wu Jian
Xom
Yredelemnul
Zin
The Shining One

Shops:
D:3 [   D:4 [

Annotations:
D:6 2 transporters
D:7 Jeremiah
D:9 exclusion: two-headed ogre


Innate Abilities, Weirdness & Mutations

Your life essence is reduced to manifest your ancestor. (-10% HP)
You can breathe bolts of dispelling energy.
Your rich purple scales are hard. (AC +7)
You cannot fit into any form of body armour.
You are cold-blooded and may be slowed by cold attacks.


Message History

The arrow hits the yak but does no damage.
The yak is moderately wounded.
The yak gores you.
You shoot an arrow. The arrow hits the yak!
The yak is heavily wounded.
The yak closely misses you.
You shoot an arrow. The arrow completely misses the yak.
The yak barely misses you.
You shoot an arrow.
The arrow hits the yak but does no damage.
The yak is heavily wounded.
The yak closely misses you.
You shoot an arrow.
The arrow hits the yak but does no damage.
The yak is heavily wounded.
You shoot an arrow. The arrow hits the yak!
The yak is almost dead.
The yak gores you but does no damage.
You shoot an arrow.
The arrow hits the yak but does no damage.
The yak is almost dead.
The yak gores you but does no damage.
You shoot an arrow. The arrow hits the yak!
You kill the yak!
No target in view!
No target in view!
Unknown command.
You climb downwards.
The cane toad stings you. The death yak gores you! The cane toad stings you!
The death yak gores you!!
* * * LOW HITPOINT WARNING * * *
There is a stone staircase leading up, spattered with blood here.
Unknown command.
Unknown command.
Unknown command.
Unknown command.
You feel yourself speed up. The cane toad stings you!
* * * LOW HITPOINT WARNING * * *
You are lethally poisoned!
The cane toad poisons you! The death yak gores you!!
You die...

#....P#...# ..........#
..........# ..........#
..........##
...........#
...........#### ....
.......@F.....# ##....
.......Y....... #.....
............... ##.....
.... ......(.......#
##...... [...
............#####.......
....
...........##...........
....
...............F....F...
....
........................
.... ....F..YFF..


You could see a death yak and a cane toad.

Vanquished Creatures
  Erica (Lair:2)
  A boulder beetle (Lair:1)
  A cane toad (Lair:2)
  2 rime drakes (Lair:2)
  A komodo dragon (Lair:1)
  Prince Ribbit (D:8)
  3 blink frogs (Lair:1)
  22 yaks
  3 wyverns
  A basilisk (D:9)
  Menkaure (D:4)
  A naga (Lair:2)
  7 water moccasins
  Pargi (Sewer)
  An orc warrior (D:8)
  An ice beast (D:6)
  A sky beast (D:7)
  9 wolves (Lair:2)
  2 kobold brigands
  3 bullfrogs
  A brain worm (Sewer)
  A gnoll sergeant (D:9)
  2 scorpions
  5 wights
  7 killer bees
  An electric eel (Lair:1)
  A howler monkey (D:5)
  4 hounds
  A gnoll bouda (D:6)
  3 orc priests
  A sleepcap (D:4)
  Terence (D:3)
  4 iguanas
  An orc wizard (D:6)
  6 gnolls
  6 adders
  2 white imps
  3 worms
  3 dart slugs
  8 orcs
  7 bats
  9 endoplasms
  4 giant cockroaches
  7 hobgoblins
  3 jackals (D:1)
  2 quokkas
  7 ball pythons
  3 frilled lizards
  5 goblins
  17 kobolds
  3 rats
191 creatures vanquished.

Vanquished Creatures (collateral kills)
  A catoblepas (Lair:2)
  A manticore (Lair:3)
  A cane toad (Lair:2)
  A komodo dragon (Lair:2)
  A wind drake (Lair:3)
  2 blink frogs (Lair:1)
  A wyvern (D:9)
  5 yaks
  A naga (Lair:2)
  A water moccasin (Lair:1)
  A black bear (D:9)
  A sky beast (D:7)
  A centaur (D:9)
  An ogre (D:6)
  2 wolves (Lair:2)
  3 bullfrogs
  2 wights (D:7)
  A jelly (D:6)
  2 killer bees
  An electric eel (Lair:1)
  A shadow imp (D:8)
  4 orcs
  3 kobolds (D:8)
38 creatures vanquished.

Vanquished Creatures (others)
  A knight (Lair:3)
  3 ancestors
4 creatures vanquished.

Grand Total: 233 creatures vanquished

Notes
Turn   | Place    | Note
-------+----------+-------------------------------------------
     0 | D:1      | Daunt the Draconian Hexslinger began the quest for the Orb.
     0 | D:1      | Reached XP level 1. HP: 16/16 MP: 2/2
   238 | D:1      | Reached XP level 2. HP: 23/23 MP: 2/4
   500 | D:1      | Reached XP level 3. HP: 22/28 MP: 4/6
   521 | D:1      | Learned a level 2 spell: Jinxbite
  1209 | D:2      | Reached skill level 2 in Ranged Weapons
  1390 | D:2      | Reached XP level 4. HP: 36/36 MP: 4/7
  1957 | D:3      | Noticed Terence
  1966 | D:3      | Killed Terence
  2180 | D:3      | Found Taukk's Antique Armour Boutique.
  2714 | D:4      | Found Kucwep's Antique Armour Boutique.
  2716 | D:4      | Found a hide-covered altar of Uskayaw.
  2741 | D:4      | Found a glowing golden altar of the Shining One.
  2747 | D:4      | Reached skill level 3 in Ranged Weapons
  2747 | D:4      | Reached XP level 5. HP: 41/41 MP: 5/8
  3367 | D:4      | Noticed Menkaure
  3379 | D:4      | Killed Menkaure
  3380 | D:4      | Reached skill level 4 in Ranged Weapons
  3380 | D:4      | Reached XP level 6. HP: 36/51 MP: 5/9
  3691 | D:5      | Entered Level 5 of the Dungeon
  3822 | D:5      | Reached skill level 5 in Ranged Weapons
  3822 | D:5      | Your scales start taking on a rich purple colour.
  3822 | D:5      | Reached XP level 7. HP: 59/59 MP: 8/10
  4395 | D:5      | Found a staircase to the Ecumenical Temple.
  4404 | Temple   | Entered the Ecumenical Temple
  4421 | Temple   | Became a worshipper of Hepliaklqana the Forgotten
  4918 | D:6      | Found a glowing drain.
  4932 | Sewer    | Entered a sewer
  4983 | Sewer    | Learned a level 3 spell: Sigil of Binding
  5304 | Sewer    | Noticed Pargi
  5324 | Sewer    | Killed Pargi
  5325 | Sewer    | Reached skill level 5 in Fighting
  5325 | Sewer    | Reached skill level 6 in Ranged Weapons
  5459 | D:6      | Found a transporter.
  5510 | D:6      | Reached * piety under Hepliaklqana
  5511 | D:6      | Found a transporter.
  5530 | D:6      | Reached XP level 8. HP: 61/61 MP: 9/12
  5774 | D:6      | Reached skill level 7 in Ranged Weapons
  5778 | D:6      | Learned a level 3 spell: Inner Flame
  5877 | D:6      | Reached skill level 5 in Hexes
  6330 | D:7      | Reached skill level 8 in Ranged Weapons
  6330 | D:7      | Reached XP level 9. HP: 66/66 MP: 8/15
  6415 | D:7      | Identified the +4 dagger "Imonali" {speed, rF+ Will+ Str+3}
  6658 | D:7      | Noticed Jeremiah
  6697 | D:7      | Reached skill level 9 in Ranged Weapons
  7075 | D:8      | Reached ** piety under Hepliaklqana
  7076 | D:8      | Remembered your ancestor Tiamat as a knight
  7288 | D:8      | Reached skill level 10 in Ranged Weapons
  7420 | D:8      | Reached skill level 1 in Evocations
  7458 | D:8      | Noticed Prince Ribbit
  7473 | D:8      | Killed Prince Ribbit
  7542 | D:8      | Reached XP level 10. HP: 72/72 MP: 16/16
  7855 | D:9      | Found a staircase to the Lair.
  7884 | D:9      | Noticed a two-headed ogre
  7945 | D:9      | Reached skill level 11 in Ranged Weapons
  8343 | D:9      | Found a radiant altar of Vehumet.
  8552 | Lair:1   | Entered Level 1 of the Lair of Beasts
  8577 | Lair:1   | Reached XP level 11. HP: 74/83 MP: 13/17
  8580 | Lair:1   | Reached skill level 12 in Ranged Weapons
  8702 | Lair:1   | Noticed a boulder beetle
  8715 | Lair:1   | Killed a boulder beetle
  8884 | Lair:1   | Reached *** piety under Hepliaklqana
  9519 | Lair:2   | Found a staircase to the Snake Pit.
  9916 | Lair:2   | Noticed Erica
  9933 | Lair:2   | Killed Erica
  9934 | Lair:2   | Reached skill level 13 in Ranged Weapons
 10019 | Lair:2   | Reached **** piety under Hepliaklqana
 10151 | Lair:3   | Reached skill level 1 in Stealth
 10223 | Lair:3   | Found a staircase to the Shoals.
 10383 | Lair:3   | Reached skill level 1 in Invocations
 10610 | Lair:3   | Noticed a death yak
 10610 | Lair:3   | Noticed a catoblepas
 10631 | Lair:2   | Killed a catoblepas
 10989 | Lair:3   | Demolished by a death yak

Illustrated notes

Levels and vault maps discovered:
D:1:      wander_arrival_lonely_grave, layout_basic
D:2:      cheibrodos_pilgrimage, layout_basic, kennysheep_big_empty_room
D:3:      layout_loops_corners, serial_forest, infiniplex_forest_straight_2,
          infiniplex_forest_zigzag_2, infiniplex_forest_clump_double,
          infiniplex_forest_end_3, infiniplex_forest_clump_C,
          infiniplex_forest_straight_2, infiniplex_forest_lined_2,
          infiniplex_forest_pool, serial_shops, nicolae_diamond_shop,
          uniq_terence
D:4:      layout_loops_corners, mainiacjoe_overflow_catwalk_spiral,
          serial_shops, shop, chequers_mini_garden, uniq_menkaure
D:5:      layout_basic, minmay_temple_entry_glassed_door
D:6:      gammafunk_steamed_eel, layout_gridville, gup_sewer_entry_bowl
D:7:      layout_cave_pools, nicolae_zig_zag_zippers, uniq_jeremiah
D:8:      layout_rooms, uniq_prince_ribbit1
D:9:      layout_roguey, mainiacjoe_overflow_24_doors, david_lair_generic
Temple:   nicolae_temple_bog_church
Lair:1:   layout_gridlike, serial_bayou_crossing, infiniplex_staircase_pool
Lair:2:   layout_regular_city, guppyfry_snake_entry_island, uniq_erica
Lair:3:   layout_hall_layers, minmay_shoals_entry_beasts,
          nicolae_volcano_entry_s_turn, uniq_nergalle

Skill      XL: |  1  2  3  4  5  6  7  8  9 10 11 |
---------------+----------------------------------+-----
Hexes          | 3 4 6 |  6.0
Spellcasting   | 2 3 4 |  4.0
Ranged Weapons | 2 3 4 5 6 8 10 11 13 | 13.5
Fighting       | 2 3 4 5 7 9 |  9.6
Fire Magic     | 3 4 |  4.0
Dodging        | 2 4 |  4.0
Evocations     | 2 3 |  3.0
Stealth        | 2 |  2.6
Invocations    | 2 |  2.5

Action                     |  1- 3 |  4- 6 |  7- 9 | 10-12 || total
---------------------------+-------+-------+-------+-------++-------
   Fire: Sling             |   110 |   177 |   204 |       ||   491
         Orcbow            |       |       |    99 |   294 ||   393
   Cast: Jinxbite          |     1 |     8 |    37 |    16 ||    62
         Sigil of Binding  |       |       |    11 |       ||    11
         Inner Flame       |       |       |     9 |     8 ||    17
 Invoke: Ancestor Identity |       |       |     1 |       ||     1
         Recall Ancestor   |       |       |     4 |     2 ||     6
         Ancestor Life: Kn |       |       |     1 |       ||     1
    Use: Scroll            |       |     1 |     1 |     6 ||     8
         Potion            |       |       |       |     2 ||     2
 Armour: Skin              |    38 |    38 |    51 |    80 ||   207
  Dodge: Dodged            |    35 |    45 |    60 |    63 ||   203

Table legend: (Time is in decaauts)
 A = Elapsed time spent in this place.
 B = Non-inter-level travel time spent in this place.
 C = Inter-level travel time spent in this place.
 D = Time resting spent in this place.
 E = Time spent auto-exploring this place.
 F = Levels seen in this place.
 G = Mean time per level.
                   A        B        C        D        E       F      G
               +--------+--------+--------+--------+--------+-----+--------+
         Total |  11085 |  10487 |    598 |   1821 |   6783 |  14 |  791.8 |
       Dungeon |   8277 |   7785 |    492 |    817 |   5651 |   9 |  919.7 |
        Temple |     34 |      3 |     31 |      0 |      0 |   1 |   34.0 |
          Lair |   2311 |   2237 |     74 |    767 |   1122 |   3 |  770.3 |
         Sewer |    461 |    461 |      0 |    237 |     10 |   1 |  461.0 |
               +--------+--------+--------+--------+--------+-----+--------+

Top non-repeatable levels by time:
  Lair:2: 1505 daAuts
     D:5: 1122 daAuts
     D:4: 1109 daAuts
     D:7: 1008 daAuts
     D:1: 964 daAuts
     D:6: 939 daAuts
     D:2: 900 daAuts
     D:9: 889 daAuts
     D:3: 817 daAuts
  Lair:1: 747 daAuts
     D:8: 525 daAuts
   Sewer: 461 daAuts
  Lair:3: 58 daAuts
  Temple: 34 daAuts
